 Dungeon Crawl Stone Soup version 0.28.0-53-g5a82cb258f (webtiles) character file.

Game seed: 17487375219504014107

34 Gabide the Skirmisher (level 3, 33/33 HPs)
             Began as a Draconian Monk on June 14, 2022.
             Got out of the dungeon alive.
             The game lasted 00:01:25 (1441 turns).

Gabide the Skirmisher (Draconian Monk)              Turns: 1441, Time: 00:01:26

Health: 33/33      AC:  5    Str: 13    XL:     3   Next: 14%
Magic:  3/3        EV: 12    Int: 10    God:
Gold:   56         SH:  0    Dex: 15    Spells: 2/2 levels left

rFire   . . .      SeeInvis .     - Unarmed
rCold   . . .      Faith    .   (no shield)
rNeg    . . .      Spirit   .   (armour unavailable)
rPois   .          Reflect  .   (helmet restricted)
rElec   .          Harm     .   (no cloak)
rCorr   .          Rampage  .   (no gloves)
Will    .....                   (no boots)
Stlth   ++........              (no amulet)
HPRegen 0.11/turn               (no ring)
MPRegen 0.08/turn               (no ring)

@: no status effects
A: AC +5, unfitting armour, cold-blooded
a: no special abilities


You escaped.
You visited 1 branch of the dungeon, and saw 1 of its levels.

You collected 56 gold pieces.

Inventory:

Missiles
 a - 2 boomerangs (quivered)
Scrolls
 b - a scroll of noise {unknown}
Potions
 c - a potion of invisibility {unknown}


   Skills:
 + Level 3.8(1.9) Fighting
 + Level 3.1(1.5) Dodging
 - Level 1.7(0.8) Stealth
 + Level 3.5(1.7) Unarmed Combat


You had 2 spell levels left.
You didn't know any spells.
Your spell library contained the following spells:

 Spells                   Type           Power      Damage    Failure   Level
 Sublimation of Blood     Necr           0%         N/A       50%         2
 Wereblood                Tmut           0%         N/A       50%         2
 Summon Hydra             Summ           0%         N/A       100%        7


Dungeon Overview and Level Annotations

Branches:
Dungeon (1/15)

Altars:
Ashenzari


Innate Abilities, Weirdness & Mutations

Your plain brown scales are hard. (AC +5)
You cannot fit into any form of body armour.
You are cold-blooded and may be slowed by cold attacks.


Message History

No target in view!
No target in view!
Found a stone staircase leading down.
You see here a +0 club.
There is a stone staircase leading down here.
A ball python comes into view.
A ball python is nearby!
A ball python is nearby!
The helpless ball python fails to defend itself.
You hit the ball python. You tail-slap the ball python.
You kill the ball python!
No target in view!
You now have 56 gold pieces (gained 10).
You pick up a book of Blood and begin reading...
You add the spells Sublimation of Blood, Wereblood and Summon Hydra to your library.
A quokka comes into view.
A quokka is nearby!
The quokka bites you.
You closely miss the quokka. The quokka closely misses you.
You hit the quokka.
The quokka is almost dead.
The quokka bites you.
You hit the quokka but do no damage.
You tail-slap the quokka, but do no damage.
The quokka is severely wounded.
The quokka misses you.
You hit the quokka.
You kill the quokka!
No target in view!
Done exploring.
Done exploring.
Done exploring.
Really renounce your faith, foregoing its fabulous benefits?
Are you sure?
You have lost your religion!
Ashenzari does not appreciate desertion!
There is an open door here.
There is a staircase leading out of the dungeon here.
Are you sure you want to leave the Dungeon?
This will make you lose the game!
You have escaped!

##### ####8@8####
##.........##
#8.........8#
#...8...8...#
#8.........8#
##.........##
#.........############
#####'######..........
#..##.# #.###.....##.#


There were no monsters in sight!

Vanquished Creatures
  3 ball pythons (D:1)
  3 endoplasms (D:1)
  2 giant cockroaches (D:1)
  3 goblins (D:1)
  2 hobgoblins (D:1)
  6 jackals (D:1)
  2 quokkas (D:1)
  4 bats (D:1)
  A frilled lizard (D:1)
  2 rats (D:1)
28 creatures vanquished.

Notes
Turn   | Place    | Note
-------+----------+-------------------------------------------
     0 | D:1      | Gabide the Draconian Monk began the quest for the Orb.
     0 | D:1      | Reached XP level 1. HP: 19/19 MP: 1/1
   128 | D:1      | Found a faded altar of an unknown god.
   179 | D:1      | Reached XP level 2. HP: 9/26 MP: 2/2
  1046 | D:1      | Prayed at the altar of an unknown god.
  1046 | D:1      | Became a worshipper of Ashenzari the Shackled
  1169 | D:1      | Reached XP level 3. HP: 33/33 MP: 3/3
  1426 | D:1      | Fell from the grace of Ashenzari
  1441 | D:$      | Got out of the dungeon alive.

Illustrated notes

Levels and vault maps discovered:
D:1:      mrwooster_arrival_statue_3, layout_loops_ring,
          ebering_ecumenical_altar_rust

Skill      XL: |  1  2 |
---------------+-------+-----
Dodging        | 3 |  3.1
Fighting       | |  3.8
Stealth        | |  1.7
Unarmed Combat | |  3.5

Action                   || total
-------------------------++-------
Melee: Unarmed           ||    88
       Tailslap          ||    11
       Punch             ||     3
Throw: Boomerang         ||     2
Invok: Renounce Religion ||     1
 Stab: Sleeping          ||     4
Armor: Skin              ||    19
Dodge: Dodged            ||    60
